 Dungeon Crawl Stone Soup version 0.22-a0-402-ga933591 (webtiles) character file.

128 Borgoz the Skirmisher (level 5, -4/33 HPs)
             Began as a Gargoyle Monk on May 6, 2018.
             Slain by a gnoll
             ... wielding a +0 halberd
              (9 damage)
             ... on level 2 of the Dungeon.
             The game lasted 00:01:47 (1229 turns).

Borgoz the Skirmisher (Gargoyle Monk)               Turns: 1229, Time: 00:01:48

Health: -4/33      AC:  6    Str: 15    XL:     5   Next: 12%
Magic:  5/5        EV: 19    Int: 10    God:
Gold:   55         SH:  0    Dex: 18    Spells: 4/4 levels left

rFire    . . .     SeeInvis .   a - +1 short sword
rCold    . . .     Gourm    .   (no shield)
rNeg     + . .     Faith    .   b - +0 robe
rPois    ∞         Spirit   .   (no helmet)
rElec    +         Reflect  .   (no cloak)
rCorr    .         Harm     .   (no gloves)
MR       .....                  (no boots)
Stlth    +++.......             (no amulet)
HPRegen  0.11/turn              (no ring)
MPRegen  0.09/turn              (no ring)

@: agile
A: negative energy resistance 1, electricity resistance, unbreathing,
petrification resistance, rot immunity, AC +4
a: no special abilities


You were on level 2 of the Dungeon.
You were not hungry.

You visited 1 branch of the dungeon, and saw 2 of its levels.

You collected 55 gold pieces.

Inventory:

Hand Weapons
 a - a +1 short sword (weapon)
Armour
 b - a +0 robe (worn)
Scrolls
 f - a scroll of blinking
 i - a scroll of remove curse
Potions
 e - a potion of degeneration {unknown}
 g - a potion of haste {unknown}
 h - a potion of magic
 k - a potion of might {unknown}
Comestibles
 c - 2 rations


   Skills:
 + Level 4.0 Fighting
 * Level 3.8 Short Blades
 + Level 2.0 Armour
 + Level 3.0 Dodging
 - Level 2.1 Stealth


You had 4 spell levels left.
You didn't know any spells.

Dungeon Overview and Level Annotations

Branches:
Dungeon (2/15)

Altars:

Annotations:
D:2 Robin, Sigmund


Innate Abilities, Weirdness & Mutations

You are resistant to torment.
Your stone body is resilient. (AC +4)
You are immune to poison.
You resist negative energy. (rN+)
You are resistant to electric shocks. (rElec)
You can survive without breathing.
You are immune to petrification.
You are immune to rotting.


Message History

The gnoll hits you from afar with a halberd!
The gnoll misses you.
You hit the gnoll but do no damage.
The gnoll is lightly wounded.
The gnoll barely misses you.
The gnoll hits you from afar with a halberd!
* * * LOW HITPOINT WARNING * * *
You hit the gnoll.
The gnoll is moderately wounded.
The gnoll misses you.
You hit the gnoll but do no damage.
The gnoll is moderately wounded.
The gnoll completely misses you. x2
You barely miss the gnoll.
The gnoll is moderately wounded.
The gnoll closely misses you.
It was a potion of magic.
Magic courses through your body. The gnoll closely misses you.
The gnoll hits you from afar with a halberd!
You die...

.......<.........#
...........#####.#######
#...(.###..##..........####
...........#...#..........#
#.....##.....#............# #
##.........#...#####.###..####
....(###...##.##..)..# #......
###. #...##(##.###.###..####
.....##@##.#............
......##g##.....#.#..###.
####.####g#......#.#..# #. #>
#g.........#..# #.
##.......##...# #.
####..g....##.#.# #.
............###.#.###.
######......###.#...#.
#.%.....##.###.#.


You could see 3 gnolls.

Vanquished Creatures
  A sky beast (D:2)
  A gnoll (D:2)
  An ooze (D:2)
  A worm (D:2)
  2 bats (D:1)
  A giant cockroach (D:1)
  5 goblins
  2 hobgoblins
  2 jackals (D:1)
  3 kobolds (D:1)
  A frilled lizard (D:1)
  2 rats (D:1)
22 creatures vanquished.

Notes
Turn   | Place    | Note
-------+----------+-------------------------------------------
     0 | D:1      | Borgoz the Gargoyle Monk began the quest for the Orb.
     0 | D:1      | Reached XP level 1. HP: 14/14 MP: 1/1
   104 | D:1      | Reached XP level 2. HP: 15/19 MP: 2/2
   920 | D:2      | Reached skill level 1 in Armour
   947 | D:2      | Reached XP level 3. HP: 23/23 MP: 3/3
   957 | D:2      | Noticed a sky beast
   994 | D:2      | Killed a sky beast
   994 | D:2      | Reached skill level 4 in Fighting
   994 | D:2      | Reached XP level 4. HP: 19/29 MP: 4/4
   994 | D:2      | Reached XP level 5. HP: 22/33 MP: 5/5
  1088 | D:2      | Noticed Sigmund
  1091 | D:2      | Noticed Robin
  1229 | D:2      | Slain by a gnoll

Vault maps used:
D:1:      nicolae_arrival_washed_ashore
D:2:      minmay_misc_feat_plants, minmay_pentomino_x2, uniq_sigmund,
          uniq_robin, uniq_terence

Skill      XL: |  1  2  3  4  5 |
---------------+----------------+-----
Short Blades   | 3 |  3.8
Armour         | 1 2 |  2.0
Fighting       | 4 |  4.0
Dodging        | 3 |  3.0
Stealth        | |  2.1

Action                   |  1- 3 |  4- 6 || total
-------------------------+-------+-------++-------
Melee: Short sword       |    87 |    20 ||   107
  Use: Scroll            |     5 |       ||     5
       Potion            |     1 |     2 ||     3
 Stab: Sleeping          |     4 |       ||     4
  Eat: Chunk             |       |     1 ||     1
Armor: Robe              |    28 |     2 ||    30
Dodge: Dodged            |    50 |    15 ||    65

Table legend:
 A = Spawn XP
 B = Non-spawn XP
 C = Spawn XP percentage of total XP
 D = Spawn monster count
 E = Non-spawn monster count
 F = Spawn count percentage of total count
 G = Total turns spent on level
                    A         B        C        D         E        F      G
               +---------+---------+-------+---------+---------+-------+---------
         Total |       0 |     184 |   0.0 |       0 |      22 |   0.0 |  1229
               +---------+---------+-------+---------+---------+-------+---------
           D:1 |       0 |      27 |   0.0 |       0 |      16 |   0.0 |   884
           D:2 |       0 |     157 |   0.0 |       0 |       6 |   0.0 |   345
               +---------+---------+-------+---------+---------+-------+---------
